 Dungeon Crawl Stone Soup version 0.17-a0-1648-g0a089d4 (webtiles) character file.

182 nubinia the Firebug (level 5, -3/28 HPs)
             Began as a Tengu Fire Elementalist on Aug 12, 2015.
             Was an Initiate of Ashenzari.
             Killed from afar by a kobold (6 damage)
             ... with a wand of frost
             ... on level 3 of the Dungeon.
             The game lasted 00:11:49 (2377 turns).

nubinia the Firebug (Tengu Fire Elementalist)       Turns: 2377, Time: 00:11:49

Health: -3/28      AC:  2    Str:  9    XL:     5   Next: 61%
Magic:  1/10       EV: 13    Int: 16    God:    Ashenzari [......]
Gold:   104        SH:  0    Dex: 14    Spells: 3 memorised, 4 levels left

rFire  . . .     SeeInvis .     j - -1 spear (curse)
rCold  . . .     Clarity  .     a - +0 robe
rNeg   . . .     SustAt   .     (no shield)
rPois  .         Gourm    .     (helmet restricted)
rElec  .         Spirit   .     (no cloak)
rCorr  .         Warding  .     (no gloves)
rMut   .         Stasis   .     (boots unavailable)
MR     .....                    (no amulet)
Stlth  ++........               (no ring)
                                (no ring)

@: very slightly contaminated, not resistant to hostile enchantments, unstealthy
A: beak, talons 3, able to fly 1
a: Fly, Renounce Religion


You were on level 3 of the Dungeon.
You worshipped Ashenzari.
Ashenzari was noncommittal.
You were not hungry.

You visited 1 branch of the dungeon, and saw 3 of its levels.

You collected 104 gold pieces.

Inventory:

Hand weapons
 f - a +0 club
 h - a +0 mace
 j - a cursed -1 spear (weapon)
Armour
 a - a +0 robe (worn)
 q - a cursed -1 robe
Scrolls
 e - a scroll of noise
 k - 3 scrolls of magic mapping
 o - a scroll of recharging {unknown}
Potions
 d - a potion of cancellation {unknown}
 i - a potion of mutation {unknown}
 m - a potion of berserk rage {unknown}
 n - a potion of might {unknown}
 p - a potion of brilliance {unknown}
Books
 b - a book of Flames

   Spells                             Type                      Level
   a - Flame Tongue                   Conjuration/Fire             1
   b - Throw Flame                    Conjuration/Fire             2
   c - Conjure Flame                  Conjuration/Fire             3
   d - Inner Flame                    Hexes/Fire                   3
   e - Sticky Flame                   Conjuration/Fire             4
   f - Fireball                       Conjuration/Fire             5
Comestibles
 c - 3 bread rations
 g - a beef jerky


   Skills:
 + Level 0.4 Polearms
 + Level 3.0 Dodging
 + Level 2.5 Stealth
 + Level 3.0 Spellcasting
 + Level 3.1 Conjurations
 + Level 4.6 Fire Magic


You had 4 spell levels left.
You knew the following spells:

 Your Spells              Type           Power        Failure   Level  Hunger
a - Flame Tongue          Conj/Fire      ##...        4%          1    #......
b - Throw Flame           Conj/Fire      ##....       8%          2    ##.....
c - Conjure Flame         Conj/Fire      ##......     12%         3    ###....


Dungeon Overview and Level Annotations

Branches:
Dungeon (3/15)

Altars:
Ashenzari
Ru
Vehumet

Annotations:
D:2 Sigmund
D:3 exclusion: orc wizard, Ajdolov's ghost, average NaWz


Innate Abilities, Weirdness & Mutations

You have a beak for a mouth.
You have claws for feet.
You can fly.


Message History

You barely miss the goblin. You peck the goblin.
The goblin is severely wounded.
The goblin hits you.
* * * LOW HITPOINT WARNING * * *
Unknown command.
Unknown command.
Unknown command.
Casting: Flame Tongue
Confirm with . or Enter, or press ? or * to list all spells.
Aiming: Flame Tongue
Press: ? - help, Shift-Dir - straight line, f - goblin
Aim: a goblin (severely wounded)
The flame tongue hits the goblin.
You kill the goblin!
A kobold comes into view.
You see here a goblin corpse.
A rat comes into view.
The kobold shouts!
The kobold zaps a wand.
The puff of frost hits you!
You die...

,,,,,,,.,,,...,*#.W#
**,*,,,*,.....,*#..#
,,,*,,,*,####.,*##.#
*********
,,,*,,,*,**##..###.#
*,,,,,,,,
,,,**+**,*,........#
*,*******
,,,**,**,####..###.#
*,*
,,,,,,,,,.....,###'####
*,*
*,***,**,..#...#.†....#
*,* *,*
*,**,..K....@.....# *,*
*,******,#._.#........#
*,*
*,,,,,*,,..r..........#
*,*
+,,,,,,,,..#....#######
*,*
*,,,,,**,,......******
*,*
*,,,,,**,.......,,,,,*
*,*
********,...###.****,*
*,* ,,,,,,,,,...,,..*
*,* *,*
********,,,,***,* *,*
*,*


You could see a kobold and a rat (wandering).

Vanquished Creatures
  3 orc wizards (D:3)
  4 adders
  An ooze (D:2)
  A worm (D:2)
  A giant gecko (D:3)
  5 orcs (D:3)
  A ball python (D:2)
  10 bats
  3 giant cockroaches
  8 goblins
  8 hobgoblins
  A quokka (D:3)
  3 kobolds (D:2)
  3 rats
52 creatures vanquished.

Notes
Turn   | Place    | Note
--------------------------------------------------------------
     0 | D:1      | nubinia the Tengu Fire Elementalist began the quest for the Orb.
     0 | D:1      | Reached XP level 1. HP: 10/10 MP: 4/4
   330 | D:1      | Reached XP level 2. HP: 10/15 MP: 3/6
   430 | D:1      | Learned a level 2 spell: Throw Flame
   708 | D:2      | Noticed Sigmund
   790 | D:2      | Reached XP level 3. HP: 19/19 MP: 1/7
   795 | D:2      | Learned a level 3 spell: Conjure Flame
  1156 | D:2      | Reached skill level 4 in Fire Magic
  1438 | D:2      | Reached XP level 4. HP: 24/24 MP: 3/8
  1582 | D:2      | Found a shattered altar of Ashenzari.
  1591 | D:2      | Became a worshipper of Ashenzari the Shackled
  1620 | D:2      | Found a sacrificial altar of Ru.
  2258 | D:3      | Gained mutation: You can fly. [Tengu growth]
  2258 | D:3      | Reached XP level 5. HP: 19/28 MP: 4/10
  2336 | D:3      | Noticed Ajdolov's ghost (average NaWz)
  2362 | D:3      | Found a radiant altar of Vehumet.
  2377 | D:3      | Killed from afar by a kobold

Vault maps used:
D:1:      evilmike_arrival_home_sweet_home
D:2:      lemuel_coloured_pillars_altar, nicolae_ru_path_of_blood, first_bread,
          uniq_sigmund
D:3:      vehumet_altar_wand_db, uniq_purgy

Action                   |  1- 3 |  4- 6 || total
-------------------------+-------+-------++-------
Melee: Club              |    10 |       ||    10
       Spear             |     9 |    18 ||    27
       Mace              |     1 |       ||     1
 Cast: Flame Tongue      |    51 |    46 ||    97
       Throw Flame       |     2 |     2 ||     4
  Use: Scroll            |     1 |     5 ||     6
       Potion            |       |     1 ||     1
  Eat: Chunk             |     2 |     4 ||     6
